AoeStats
← mizacory

Arabia

510568113Analyzed
2v2 RM · 1d ago on Oct 1, 2026· 23m 43s· 4 players
Game mode
Random Map
Map size
Medium (4 player)
Population
200
Speed
Normal
Resources
Standard
Victory
Conquest
Starting age
Dark Age
Ending age
Imperial Age
RankedLock teamsTeams togetherTeam positionsShared explorationLock speedFull tech treeHidden civsTurbo modeCheats
Victory
Defeat
🇲🇽 Huns · Mexico
969
+16
🇪🇸 Spanish · Spain
931
+17
🇩🇪 Saxons · Germany
966
-16
🇩🇪 Varangians · Germany
965
-17
mizacory
11:27 Feudal Age
16:07 Castle Age
15:36 Loom
17:39 Gold Mining
17:37 Double-Bit Axe
bene_solar
10:05 Feudal Age
15:10 Castle Age
15:53 Loom
22:30 Fletching
maurice.scheppeit
11:45 Feudal Age
10:00 Loom
17:45 Castle Age
17:06 Double-Bit Axe
18:35 Bloodlines
Maxiness
9:41 Feudal Age
8:09 Loom
11:03 Feudal Age
9:49 Loom
15:27 Castle Age
17:14 Pikeman
18:01 Scale Mail Armor
Connection lost

Rejoining the realm…

Still unreachable

The connection could not be restored.

Session expired

The server has moved on; the page needs a fresh start.